 Dungeon Crawl Stone Soup version 0.31.0-32-g396128a36d (webtiles) character file.

Game seed: 6412691930857325496

2139 Silvore the Basher (level 9, -7/75 HPs)
             Began as a Minotaur Fighter on Mar 21, 2024.
             Was a Believer of the Shining One.
             Mangled by a komodo dragon (10 damage)
             ... on level 7 of the Dungeon.
             The game lasted 00:06:50 (5828 turns).

Silvore the Basher (Minotaur Fighter)               Turns: 5828, Time: 00:06:51

Health: -7/75      AC: 12    Str: 24    XL:     9   Next: 9%
Magic:  8/8        EV:  9    Int:  5    God:    the Shining One [**....]
Gold:   347        SH: 10    Dex: 11    Spells: 8/8 levels left

rFire   . . .        r - +1 mace
rCold   . . .        c - +0 buckler
rNeg    + . .        u - +0 chain mail
rPois   .            (helmet restricted)
rElec   .            (no cloak)
rCorr   .            (no gloves)
SInv    .            o - +0 pair of boots
Will    .....        i - amulet of reflection Stlth
                     (no ring)
HPRegen 0.32/turn    (no ring)
MPRegen 0.11/turn

%: reflection
@: glowing
A: horns 2, retaliatory headbutt
a: Renounce Religion, Divine Shield


You were on level 7 of the Dungeon.
You worshipped the Shining One.
The Shining One was pleased with you.
You visited 2 branches of the dungeon, and saw 8 of its levels.

You collected 347 gold pieces.

Inventory:

Hand Weapons
 a - a +0 flail
 r - a +1 mace (weapon)
Armour
 b - a +0 scale mail
 c - a +0 buckler (worn)
 o - a +0 pair of boots (worn)
 u - a +0 chain mail (worn)
Jewellery
 h - an amulet of magic regeneration
 i - an amulet of reflection (around neck)
 m - an amulet of faith
Wands
 d - a wand of flame (24)
 s - a wand of roots (13)
 t - a wand of polymorph (11)
 w - a wand of paralysis (9)
Scrolls
 g - a scroll of identify
Potions
 e - a potion of degeneration
 f - 3 potions of attraction
 k - a potion of brilliance
 l - a potion of berserk rage {unknown}
 p - 2 potions of resistance
 q - a potion of invisibility {unknown}
 v - 3 potions of enlightenment


   Skills:
 + Level 6.0 Fighting
 + Level 8.6 Maces & Flails
 + Level 8.1 Armour
 + Level 3.4 Dodging
 + Level 1.5 Stealth
 + Level 7.3 Shields


You had 8 spell levels left.
You didn't know any spells.
Your spell library contained the following spells:

 Spells                   Type           Power      Damage    Failure   Level
 Apportation              Tloc           0%         N/A       96%         1
 Necrotise                Necr           0%         1d4       96%         1
 Sandblast                Erth           0%         2d4       96%         1
 Sting                    Conj/Alch      0%         1d3       96%         1
 Summon Small Mammal      Summ           0%         N/A       96%         1
 Call Imp                 Summ           0%         N/A       99%         2
 Sublimation of Blood     Necr           0%         N/A       99%         2
 Passwall                 Erth           0%         N/A       100%        3
 Stone Arrow              Conj/Erth      0%         3d7       100%        3
 Brom's Barrelling Bould  Conj/Erth      0%         2d3       100%        4
 Summon Hydra             Summ           0%         N/A       100%        7


Dungeon Overview and Level Annotations

Branches:
Dungeon (7/15)             Temple (1/1) D:5

Altars:
Ashenzari
Cheibriados
Dithmenos
Elyvilon
Fedhas
Gozag
Hepliaklqana
Makhleb
Nemelex Xobeh
Okawaru
Qazlal
Ru
Uskayaw
Wu Jian
Xom
Zin
The Shining One


Innate Abilities, Weirdness & Mutations

You have a pair of horns on your head.
You reflexively headbutt those who attack you in melee.


Message History

An orc priest comes into view. It is wielding a +0 club.
An orc wizard comes into view. It is wielding a +0 club.
The orc wizard shouts!
The manticore bites you!
* * * LOW HITPOINT WARNING * * *
The manticore claws you.
* * * LOW HITPOINT WARNING * * *
The manticore completely misses you.
An orc priest comes into view. It is wielding a +0 short sword.
The orc priest shouts!
You hit the manticore. You headbutt the manticore.
The manticore is moderately wounded.
The manticore bites you but does no damage.
The manticore barely misses you. You block the manticore's attack.
You thump the manticore!
The manticore is heavily wounded.
An orc comes into view. It is wielding a +0 trident.
The manticore bites you! The Shining One protects you from harm!
You block the manticore's attack.
The manticore claws you but does no damage.
You sock the manticore! You headbutt the manticore.
The manticore is severely wounded.
You carefully extract the barbed spikes from your body.
The manticore bites you.
* * * LOW HITPOINT WARNING * * *
You block the manticore's attack. x2
You thump the manticore!
The manticore is severely wounded.
You block the komodo dragon's attack.
A sky beast comes into view.
The orc priest begins to cast a cantrip, but forgets the words!
The manticore bites you but does no damage.
The manticore barely misses you.
The manticore claws you but does no damage.
You sock the manticore!
You headbutt the manticore, but do no damage.
The manticore is almost dead.
The komodo dragon bites you!
You die...

' ....# Y....# ..o...#
...... ..o....##
##......
.....o..####.......
.........#.......###
.....oH..# ......#.##
#.....@.###........##
#).....l.'...........#
#$.......).).........#
.#.......#.........#
.........#........## .)
.........#...#.##.#.....
........###....)........
.......## #)##))#......
l....##.##.##)## #..##


You could see a manticore, a komodo dragon, a sky beast, 2 orc priests, an orc
wizard and an orc.

Vanquished Creatures
  Prince Ribbit (D:6)
  Eustachio (D:4)
  2 steam dragons
  Menkaure (D:7)
  A water moccasin (D:5)
  An orc warrior (D:7)
  2 centaurs
  A phantom (D:5)
  A kobold brigand (D:6)
  A scorpion (D:4)
  5 wights (D:7)
  4 killer bees (D:7)
  3 bombardier beetles
  2 orc priests
  3 hounds
  An iguana (D:4)
  2 orc wizards
  7 gnolls
  5 adders
  A shadow imp (D:6)
  A white imp (D:3)
  25 orcs
  7 ball pythons
  6 bats
  7 endoplasms
  2 giant cockroaches
  8 goblins
  10 hobgoblins
  3 jackals (D:5)
  10 kobolds
  8 quokkas
  5 frilled lizards
  A goblin zombie (D:3)
  3 hobgoblin zombies (D:3)
  A kobold skeleton (D:3)
  3 kobold zombies (D:3)
  An orc skeleton (D:3)
  An orc zombie (D:3)
  4 rats
151 creatures vanquished.

Vanquished Creatures (others)
  An orc wizard (D:7)
  2 orcs (D:7)
3 creatures vanquished.

Grand Total: 154 creatures vanquished

Notes
Turn   | Place    | Note
-------+----------+-------------------------------------------
     0 | D:1      | Silvore the Minotaur Fighter began the quest for the Orb.
     0 | D:1      | Reached XP level 1. HP: 19/19 MP: 0/0
   150 | D:1      | Reached XP level 2. HP: 27/27 MP: 1/1
  1055 | D:2      | Reached XP level 3. HP: 32/33 MP: 2/2
  1568 | D:2      | Found a faded altar of an unknown god.
  1698 | D:3      | Reached XP level 4. HP: 39/40 MP: 3/3
  1921 | D:3      | Found a stormy altar of Qazlal.
  1926 | D:3      | Noticed an air elemental
  1927 | D:3      | Noticed a water elemental
  1927 | D:3      | Noticed an earth elemental
  1927 | D:3      | Noticed a fire elemental
  2330 | D:3      | Found a blossoming altar of Fedhas.
  2347 | D:3      | Reached XP level 5. HP: 46/46 MP: 4/4
  2552 | D:3      | Found a glowing golden altar of the Shining One.
  2570 | D:3      | Became a worshipper of the Shining One
  2686 | D:3      | Reached skill level 1 in Dodging
  2918 | D:4      | Reached skill level 5 in Maces & Flails
  3012 | D:4      | Reached XP level 6. HP: 44/52 MP: 5/5
  3072 | D:4      | Reached skill level 5 in Armour
  3275 | D:4      | Noticed Eustachio
  3285 | D:4      | HP: 1/53 [Eustachio/puff of flame (5)]
  3286 | D:4      | Killed Eustachio
  3287 | D:4      | Reached skill level 5 in Shields
  3287 | D:4      | Reached XP level 7. HP: 1/60 MP: 6/6
  3855 | D:4      | Found a snail-covered altar of Cheibriados.
  4056 | D:5      | Entered Level 5 of the Dungeon
  4076 | D:5      | Found a staircase to the Ecumenical Temple.
  4085 | Temple   | Entered the Ecumenical Temple
  4241 | D:5      | Reached * piety under the Shining One
  4263 | D:5      | Found a hazy altar of Hepliaklqana.
  4605 | D:6      | Reached skill level 5 in Fighting
  4758 | D:6      | Noticed Prince Ribbit
  4770 | D:6      | Killed Prince Ribbit
  4771 | D:6      | Reached XP level 8. HP: 24/68 MP: 7/7
  5030 | D:6      | Reached skill level 1 in Stealth
  5391 | D:6      | Found a sacrificial altar of Ru.
  5763 | D:7      | Noticed Menkaure
  5764 | D:7      | HP: 3/70 [orc priest/divine providence (12)]
  5784 | D:7      | Killed Menkaure
  5785 | D:7      | Reached XP level 9. HP: 15/75 MP: 8/8
  5816 | D:7      | Noticed a manticore
  5817 | D:7      | Noticed a komodo dragon
  5817 | D:7      | Reached ** piety under the Shining One
  5823 | D:7      | HP: 3/75 [manticore (3)]
  5825 | D:7      | The Shining One protects you from harm!
  5828 | D:7      | Mangled by a komodo dragon

Illustrated notes

Levels and vault maps discovered:
D:1:      erik_arrival_cave_to_civilisation [erik_arrival_cave_to_hall],
          layout_basic
D:2:      kennysheep_six_static_rooms, layout_rooms,
          dilly_ecumenical_altar_fadedgnrine, minivault_25,
          chequers_mini_garden, minivault_27
D:3:      cheibrodos_pilgrimage, layout_loops_ring,
          mainiacjoe_overflow_brackets, nicolae_qazlal_style_of_elements,
          nicolae_tso_besieged_by_evil
D:4:      layout_cave_pools, slow_altar_2, palyth_stone_intersect,
          nicolae_figureground_pulse, uniq_eustachio
D:5:      layout_rooms, mainiacjoe_overflow_cross_hatched,
          minmay_temple_entry_tees
D:6:      layout_cave_pools, kennysheep_little_box, uniq_prince_ribbit1
D:7:      kennysheep_big_flooded_room, layout_cave_pools,
          palyth_temple_overflow_mages, pf_guarded_unrand_woodcutter,
          uniq_jeremiah, uniq_menkaure, uniq_duvessa
Temple:   nicolae_temple_ecumenical_triangle

Skill      XL: |  1  2  3  4  5  6  7  8  9 |
---------------+----------------------------+-----
Shields        | 4 5 6 7 |  7.3
Armour         | 4 5 6 8 |  8.1
Fighting       | 4 5 6 |  6.0
Maces & Flails | 3 4 5 6 7 8 |  8.6
Dodging        | 1 2 3 |  3.4
Stealth        | 1 |  1.5

Action                     |  1- 3 |  4- 6 |  7- 9 || total
---------------------------+-------+-------+-------++-------
  Melee: Flail             |   103 |   164 |    23 ||   290
         Headbutt          |    12 |    16 |    34 ||    62
         Mace              |       |       |   143 ||   143
    Use: Potion            |       |     1 |     6 ||     7
         Scroll            |       |       |    13 ||    13
 Armour: Scale mail        |    65 |   122 |    40 ||   227
         Chain mail        |       |       |   123 ||   123
  Dodge: Dodged            |    40 |    58 |    66 ||   164
  Block: Buckler           |    41 |    83 |   112 ||   236
         Reflection        |       |     1 |     3 ||     4
